 Dungeon Crawl Stone Soup version 0.30-a0-1035-g38d5fb2972 (webtiles) character file.

Game seed: 7578576491725864222

3 senseless the Insei (level 1, -1/10 HPs)
             Began as a Vine Stalker Transmuter on Apr 8, 2023.
             Shot with a sling bullet by a hobgoblin (8 damage)
             ... on level 1 of the Dungeon.
             The game lasted 00:00:12 (42 turns).

senseless the Insei (Vine Stalker Transmuter)         Turns: 42, Time: 00:00:13

Health: -1/10      AC:  2    Str: 12    XL:     1   Next: 50%
Magic:  0/4        EV: 12    Int: 13    God:
Gold:   0          SH:  0    Dex: 14    Spells: 3/4 levels left

rFire   . . .      SeeInvis .      - Unarmed
rCold   . . .      Faith    .    (no shield)
rNeg    . . .      Spirit   +    a - +0 robe
rPois   .          Reflect  .    (helmet currently unavailable)
rElec   .          Rampage  .    (no cloak)
rCorr   .                        (no gloves)
Will    .....                    (boots currently unavailable)
Stlth   +                        (no amulet)
HPRegen 0.21/turn                (no ring)
MPRegen 0.09/turn                (no ring)

@: appendages (expiring)
A: horns 2, talons 2, fangs 2, magic shield, antimagic bite, no potion heal 2
a: End Transformation


You were on level 1 of the Dungeon.
You had temporarily grown beastly horns and talons.
You visited 1 branch of the dungeon, and saw 1 of its levels.

Inventory:

Armour
 a - a +0 robe (worn)
Potions
 b - a potion of lignification


   Skills:
 + Level 1.0 Fighting
 + Level 1.6 Dodging
 + Level 3.0 Unarmed Combat
 + Level 2.2 Spellcasting
 + Level 2.0 Transmutations


You had 3 spell levels left.
You knew the following spells:

 Your Spells              Type           Power      Damage    Failure   Level
a - Beastly Appendage     Tmut           12%        N/A       11%         1

Your spell library contained the following spells:

 Spells                   Type           Power      Damage    Failure   Level
 Wereblood                Tmut           6%         N/A       16%         2
 Spider Form              Tmut/Pois      4%         N/A       43%         3
 Ice Form                 Ice/Tmut       4%         N/A       85%         4


Dungeon Overview and Level Annotations

Branches:
Dungeon (1/15)

Altars:


Innate Abilities, Weirdness & Mutations

You have temporarily grown beastly horns and talons.
You have extremely sharp teeth.
When hurt, damage is shared between your health and your magic reserves.
Your bite disrupts and absorbs the magic of your enemies.
Potions cannot restore your health.


Message History

A kobold and a goblin come into view.
The kobold shouts!
You hear a shout!
You grow a pair of large bovine horns.
Your feet morph into talons.
The kobold throws a stone.
The stone barely misses you.
Found a stone staircase leading down.
The kobold throws a stone.
The stone barely misses you.
The kobold throws a stone.
The stone hits you. The goblin hits you with a +0 club.
You hit the goblin. You claw the goblin. You bite the goblin.
You kill the goblin!
A kobold comes into view. It is wielding a +0 dagger.
The kobold throws a stone.
The stone hits you but does no damage.
Your transformation is almost over.
The kobold closely misses you.
You hit the kobold but do no damage. Your headbutt misses the kobold.
You bite the kobold, but do no damage. The kobold hits you with a +0 dagger.
You closely miss the kobold. Your headbutt misses the kobold.
The kobold hits you with a +0 dagger.
You closely miss the kobold. Your kick misses the kobold.
You headbutt the kobold.
You kill the kobold!
Your Fighting skill increases to level 1!
You hit the kobold.
You kill the kobold!
No target in view!
A rat comes into view.
You extend your transformation's duration.
Things that are here:
a +0 dagger; 5 stones; a kobold corpse A hobgoblin comes into view.
It is wielding a +1 heavy sling.
Found a stone staircase leading down.
The rat closely misses you.
You barely miss the rat.
The hobgoblin shouts!
You claw the rat.
You kill the rat!
Your transformation is almost over.
The hobgoblin shoots a sling bullet.
The sling bullet hits you!
Ouch! That really hurt!
You die...

......#...........#
#...............###
#...............#
+.#.####.......##
#......)......##
##.........#####
##......)........
#.......)...##...
#####@.##### ...
................ ..
.....>#########. .
...g.. ..... .>...
.... ....


You could see a hobgoblin.

Vanquished Creatures
  A goblin (D:1)
  2 kobolds (D:1)
  A rat (D:1)
4 creatures vanquished.

Notes
Turn   | Place    | Note
-------+----------+-------------------------------------------
     0 | D:1      | senseless the Vine Stalker Transmuter began the quest for
                  | the Orb.
     0 | D:1      | Reached XP level 1. HP: 9/9 MP: 4/4
    35 | D:1      | Reached skill level 1 in Fighting
    42 | D:1      | Shot with a sling bullet by a hobgoblin

Illustrated notes

Levels and vault maps discovered:
D:1:      saegor_arrival_simple_d, layout_rooms, serial_shops,
          nicolae_shop_trees, shapermc_ecumenical_altar_pompeii,
          dk_noncrumbling_4

Skill      XL: |  1 |
---------------+----+-----
Fighting       | 1 |  1.0
Dodging        | |  1.6
Unarmed Combat | |  3.0
Spellcasting   | |  2.2
Transmutations | |  2.0

Action                     || total
---------------------------++-------
  Melee: Unarmed           ||     6
         Kick              ||     2
         Bite              ||     2
         Headbutt          ||     1
   Cast: Beastly Appendage ||     2
 Armour: Robe              ||     1
  Dodge: Dodged            ||     4

Table legend: (Time is in decaauts)
 A = Elapsed time spent in this place.
 B = Non-inter-level travel time spent in this place.
 C = Inter-level travel time spent in this place.
 D = Time resting spent in this place.
 E = Time spent auto-exploring this place.
 F = Levels seen in this place.
 G = Mean time per level.
                   A        B        C        D        E       F      G
               +--------+--------+--------+--------+--------+-----+--------+
         Total |     42 |     42 |      0 |      0 |     24 |   1 |   42.0 |
       Dungeon |     42 |     42 |      0 |      0 |     24 |   1 |   42.0 |
               +--------+--------+--------+--------+--------+-----+--------+

Top non-repeatable levels by time:
     D:1: 42 daAuts
